 Dungeon Crawl Stone Soup version 0.27-a0-797-g27d10ad80f (webtiles) character file.

Game seed: 10069028258233734074

1129 polve the Caller (level 8, -6/60 HPs)
             Began as a Demonspawn Abyssal Knight on Mar 27, 2021.
             Was a Believer of Lugonu.
             Mangled by a troll (9 damage)
             ... on level 4 of the Dungeon.
             The game lasted 00:05:22 (4752 turns).

polve the Caller (Demonspawn Abyssal Knight)        Turns: 4752, Time: 00:05:23

Health: -6/60      AC: 21    Str: 13    XL:     8   Next: 13%
Magic:  13/14      EV:  6    Int: 15    God:    Lugonu [**....]
Gold:   204        SH:  0    Dex: 13    Spells: 15/16 levels left

rFire    + . .     SeeInvis .   m - +1 short sword (venom)
rCold    . . .     Faith    .   (no shield)
rNeg     . . .     Spirit   .   b - +2 chain mail {rF+}
rPois    .         Reflect  .   (helmet restricted)
rElec    .         Harm     .   (no cloak)
rCorr    .         Rampage  .   (no gloves)
Will     .....                  (no boots)
Stlth    ..........             (no amulet)
HPRegen  0.20/turn              h - +4 ring of protection
MPRegen  0.14/turn              l - +4 ring of protection

@: very slightly contaminated
A: horns 1, yellow scales 1, powered by pain 2, demonic magic 2
a: Renounce Religion, Depart the Abyss, Bend Space


You were on level 4 of the Dungeon.
You worshipped Lugonu.
Lugonu was pleased with you.
You visited 1 branch of the dungeon, and saw 4 of its levels.
You visited the Abyss 1 time.

You collected 204 gold pieces.

Inventory:

Hand Weapons
 a - a +1 falchion
 m - a +1 short sword of venom (weapon)
Armour
 b - a +2 chain mail of fire resistance (worn)
Jewellery
 f - a ring of protection from cold
 h - a +4 ring of protection (left hand)
 l - a +4 ring of protection (right hand)
 q - a +6 ring of intelligence
 u - a ring of fire
Wands
 r - a wand of charming (7)
Scrolls
 c - a scroll of identify {unknown}
 e - 6 scrolls of teleportation {unknown}
 g - a scroll of magic mapping {unknown}
 i - a scroll of fog {unknown}
 j - a scroll of silence {unknown}
 o - a scroll of amnesia {unknown}
 t - a scroll of enchant armour {unknown}
Potions
 d - a potion of lignification {unknown}
 k - a potion of ambrosia {unknown}
 n - a potion of brilliance
 p - a potion of might
 s - a potion of flight {unknown}


   Skills:
 - Level 4.1 Fighting
 - Level 3.5 Long Blades
 - Level 3.1 Armour
 - Level 2.6 Dodging
 + Level 4.5 Spellcasting
 + Level 5.0 Summonings
 - Level 2.4 Invocations


You had 15 spell levels left.
You knew the following spells:

 Your Spells              Type           Power      Damage    Failure   Level
a - Summon Small Mammal   Summ           72%        N/A       54%         1

Your spell library contained the following spells:

 Spells                   Type           Power      Damage    Failure   Level
 Animate Skeleton         Necr           6%         N/A       99%         1
 Apportation              Tloc           6%         N/A       99%         1
 Corona                   Hex            3%         N/A       99%         1


Dungeon Overview and Level Annotations

Branches:
Dungeon (4/15)
 Temple: D:4-7

Altars:
Ashenzari
Fedhas
Kikubaaqudgha
Makhleb
Nemelex Xobeh
Qazlal
Yredelemnul
The Shining One

Shops:
D:3 [   D:4 (

Annotations:
D:4 2 runed translucent doors


Innate Abilities, Weirdness & Mutations

You have a pair of small horns on your head.
You are partially covered in yellow scales. (AC +2)
You sometimes gain power by taking damage.
Spells you cast may paralyse nearby enemies.


Message History

The troll is lightly wounded.
The helpless troll fails to defend itself.
You hit the troll.
The troll is poisoned.
The troll is lightly wounded.
The troll is no longer paralysed.
The troll bites you but does no damage. The troll claws you but does no damage.
The troll claws you!
You closely miss the troll.
The troll is lightly wounded.
Your quokka bites the troll.
The troll bites you but does no damage.
The troll claws you but does no damage. x2
You hit the troll but do no damage.
The troll looks as sick as possible!
The troll is moderately wounded.
Your quokka barely misses the troll.
The troll bites you!
* * * LOW HITPOINT WARNING * * *
You focus on the pain.
You feel your power returning. The troll barely misses you.
The troll claws you but does no damage.
Your quokka closely misses the troll.
The troll barely misses your quokka. The troll claws your quokka!
Your quokka dies!
Your quokka's corpse disappears in a puff of smoke!
Your magical contamination has completely faded away.
You hit the troll.
The troll looks as sick as possible!
The troll is severely wounded.
The troll bites you but does no damage.
The troll claws you but does no damage. x2
The troll bites you!
* * * LOW HITPOINT WARNING * * *
The troll claws you but does no damage. x2
Casting: Summon Small Mammal (safe; 54% risk of failure)
Confirm with . or Enter, or press ? or * to list all spells.
You miscast Summon Small Mammal.
You are very lightly contaminated with residual magic.
Nothing appears to happen.
You closely miss the troll.
The troll is severely wounded.
The troll bites you.
* * * LOW HITPOINT WARNING * * *
The troll claws you.
* * * LOW HITPOINT WARNING * * *
The troll claws you!
You die...

.......#.._##
##.###.'...8# .#.#
###.._## .#.#
#####.# ...#
#..#### #..###.##
.......#
#)..###############
.(...#.........T@.#
##..##.##########.#
##..##.# #.#
###..#.# #.# #
#..#.# #.# ###(...#
#######.# )<#....#
#.......# ###....#
#.####### ....#..#
#)#


You could see a troll (very poisoned).

Vanquished Creatures
  A hornet (D:4)
  A wyvern (D:4)
  Sigmund (D:2)
  2 ogres (D:4)
  A sky beast (D:4)
  A bullfrog (D:4)
  A scorpion (D:4)
  A crimson imp (D:4)
  2 centaur skeletons (D:4)
  Natasha (D:2)
  Terence (D:2)
  2 orc wizards (D:2)
  A howler monkey skeleton (D:4)
  2 adders
  An adder skeleton (D:4)
  A dart slug (D:3)
  4 orcs
  7 ball pythons
  2 bats
  4 endoplasms
  2 giant cockroaches
  13 goblins
  6 hobgoblins
  8 jackals
  3 quokkas
  2 frilled lizards
  2 goblin skeletons (D:4)
  3 hobgoblin zombies (D:4)
  8 kobolds
  2 kobold skeletons (D:4)
  A kobold zombie (D:4)
  An orc skeleton (D:4)
  An orc zombie (D:4)
  A rat (D:2)
90 creatures vanquished.

Notes
Turn   | Place    | Note
-------+----------+-------------------------------------------
     0 | Abyss:1  | polve the Demonspawn Abyssal Knight began the quest for the
                  | Orb.
     0 | Abyss:1  | Reached XP level 1. HP: 18/18 MP: 2/2
    57 | Abyss:1  | Noticed a tentacled starspawn
    60 | Abyss:2  | Found a corrupted altar of Lugonu.
   136 | Abyss:2  | Noticed a large abomination
   136 | D:1      | Escaped the Abyss
   590 | D:1      | Found a broken altar of Ashenzari.
   612 | D:1      | Gained mutation: You have a pair of small horns on your
                  | head. [demonic ancestry]
   612 | D:1      | Reached XP level 2. HP: 14/24 MP: 3/3
  1381 | D:2      | Noticed Terence
  1381 | D:2      | Noticed Sigmund
  1403 | D:2      | Killed Terence
  1404 | D:2      | Gained mutation: You sometimes gain a little power by
                  | taking damage. [demonic ancestry]
  1404 | D:2      | Reached XP level 3. HP: 29/29 MP: 4/4
  1575 | D:2      | Reached skill level 1 in Dodging
  1583 | D:2      | Reached * piety under Lugonu
  1618 | D:2      | Gained mutation: You are partially covered in yellow
                  | scales. (AC +2) [demonic ancestry]
  1618 | D:2      | Reached XP level 4. HP: 10/35 MP: 5/5
  2047 | D:2      | Killed Sigmund
  2048 | D:2      | Reached XP level 5. HP: 26/42 MP: 6/6
  2395 | D:2      | Found a burning altar of Makhleb.
  2481 | D:2      | Noticed Natasha
  2492 | D:2      | Killed Natasha
  2493 | D:2      | Gained mutation: Spells you cast may paralyse adjacent
                  | enemies. [demonic ancestry]
  2493 | D:2      | Reached XP level 6. HP: 39/48 MP: 7/7
  2495 | D:2      | Learned a level 1 spell: Summon Small Mammal
  2760 | D:3      | Found a blossoming altar of Fedhas.
  2763 | D:3      | Found an ancient bone altar of Kikubaaqudgha.
  2852 | D:3      | Found a stormy altar of Qazlal.
  3008 | D:3      | Found Viohebboa's Antique Armour Shoppe.
  3220 | D:4      | Found a large runed translucent door.
  3220 | D:4      | Found a large runed translucent door.
  3251 | D:4      | Noticed a troll
  3251 | D:4      | Noticed a wyvern
  3280 | D:4      | Reached skill level 1 in Spellcasting
  3280 | D:4      | Reached skill level 1 in Summonings
  3298 | D:4      | Reached ** piety under Lugonu
  3372 | D:4      | Found a basalt altar of Yredelemnul.
  3373 | D:4      | Found a sparkling altar of Nemelex Xobeh.
  3579 | D:4      | Noticed a sky beast
  3588 | D:4      | Killed a sky beast
  3589 | D:4      | Reached skill level 2 in Summonings
  3601 | D:4      | Found a large runed translucent door.
  3601 | D:4      | Found a large runed translucent door.
  3668 | D:4      | Gained mutation: You sometimes gain power by taking damage.
                  | [demonic ancestry]
  3668 | D:4      | Reached XP level 7. HP: 36/54 MP: 10/10
  3838 | D:4      | Found Ywaacoim's Weapon Boutique.
  3857 | D:4      | Reached skill level 3 in Summonings
  4214 | D:4      | Noticed a hornet
  4215 | D:4      | Paralysed by a hornet for 1 turns
  4222 | D:4      | Killed a hornet
  4223 | D:4      | Reached skill level 4 in Summonings
  4582 | D:4      | Gained mutation: Spells you cast may paralyse nearby
                  | enemies. [demonic ancestry]
  4582 | D:4      | Reached XP level 8. HP: 41/60 MP: 14/14
  4725 | D:4      | Reached skill level 5 in Summonings
  4752 | D:4      | HP: 3/60 [troll (3)]
  4752 | D:4      | Mangled by a troll

Illustrated notes

Levels and vault maps discovered:
D:1:      dpeg_arrival_lava_altar, layout_loops_ring, serial_bayou_lagoon_a,
          ashenzari_altar_1
D:2:      layout_basic, lemuel_round_altar, kennysheep_nub,
          kennysheep_generic_room_6, uniq_natasha, uniq_sigmund, uniq_terence
D:3:      layout_basic, grunt_temple_overflow_growth_and_decay,
          nicolae_qazlal_scattered_showers, serial_shops,
          nicolae_shop_temple_entry_statues_fountains, kennysheep_cross_room,
          minmay_ogre_servants
D:4:      layout_basic, gammafunk_temple_overflow_statue,
          nicolae_tso_besieged_by_evil, serial_shops,
          nicolae_shop_window_shopping, minmay_hollow_rounded_squares

Skill      XL: |  1  2  3  4  5  6  7  8 |
---------------+-------------------------+-----
Long Blades    | 2 3 |  3.5
Dodging        | 1 2 |  2.6
Armour         | 2 3 |  3.1
Fighting       | 4 |  4.1
Spellcasting   | 2 4 |  4.5
Summonings     | 2 4 5 |  5.0
Invocations    | |  2.4

Action                   |  1- 3 |  4- 6 |  7- 9 || total
-------------------------+-------+-------+-------++-------
Melee: Falchion          |    73 |    77 |       ||   150
       Headbutt          |     8 |    26 |    14 ||    48
       Short sword       |       |   112 |    64 ||   176
 Cast: Summon Small Mamm |       |       |     2 ||     2
Invok: Depart the Abyss  |     1 |       |       ||     1
  Use: Potion            |     2 |       |       ||     2
 Stab: Paralysed         |       |       |     2 ||     2
Armor: Ring mail         |    14 |       |       ||    14
       Chain mail        |    27 |   180 |    61 ||   268
Dodge: Dodged            |    37 |    81 |    29 ||   147
       Rpst.: Falchion   |    11 |     9 |       ||    20

Table legend: (Time is in decaauts)
 A = Elapsed time spent in this place.
 B = Non-inter-level travel time spent in this place.
 C = Inter-level travel time spent in this place.
 D = Time resting spent in this place.
 E = Time spent auto-exploring this place.
 F = Levels seen in this place.
 G = Mean time per level.
                   A        B        C        D        E       F      G
               +--------+--------+--------+--------+--------+-----+--------+
         Total |   4783 |   4741 |     42 |      0 |   4011 |   6 |  797.2 |
       Dungeon |   4648 |   4606 |     42 |      0 |   3909 |   4 | 1162.0 |
         Abyss |    135 |    135 |      0 |      0 |    102 |   2 |   67.5 |
               +--------+--------+--------+--------+--------+-----+--------+

Top non-repeatable levels by time:
     D:4: 1718 daAuts
     D:2: 1474 daAuts
     D:1: 1009 daAuts
     D:3: 446 daAuts
 Abyss:2: 75 daAuts
 Abyss:1: 60 daAuts
